 Dungeon Crawl Stone Soup version 0.29.1-15-g9cfb28693d (webtiles) character file.

Game seed: 13277886470399230081

101 Eitelfritz the Chiller (level 4, -2/31 HPs)
             Began as a Demonspawn Ice Elementalist on Feb 26, 2023.
             Slain by Robin
             ... wielding a +0 trident
              (8 damage)
             ... on level 3 of the Dungeon.
             The game lasted 00:06:29 (2316 turns).

Eitelfritz the Chiller (DsIE)                       Turns: 2316, Time: 00:06:29

Health: -2/31      AC:  2    Str: 10    XL:     4   Next: 48%
Magic:  1/8        EV: 12    Int: 16    God:
Gold:   137        SH:  0    Dex: 14    Spells: 1/8 levels left

rFire   x . .      SeeInvis .   a - +0 short sword
rCold   + . .      Faith    .   (no shield)
rNeg    . . .      Spirit   .   f - +0 robe
rPois   .          Reflect  .   (helmet restricted)
rElec   .          Harm     .   (no cloak)
rCorr   .          Rampage  .   (no gloves)
Will    +....                   (no boots)
Stlth   ++........              (no amulet)
HPRegen 0.10/turn               l - ring of ice
MPRegen 0.11/turn               u - ring of willpower

@: freezing walls
A: antennae 1, demonic touch 1
a: no special abilities


You were on level 3 of the Dungeon.
You visited 1 branch of the dungeon, and saw 4 of its levels.

You collected 137 gold pieces.

Inventory:

Hand Weapons
 a - a +0 short sword (weapon)
 t - a +0 long sword
Missiles
 v - 3 poisoned darts
Armour
 f - a +0 robe (worn)
Jewellery
 l - a ring of ice (left hand)
 u - a ring of willpower (right hand)
Wands
 r - a wand of polymorph (8)
Scrolls
 c - 4 scrolls of identify {unknown}
 e - a scroll of vulnerability {unknown}
 h - 3 scrolls of teleportation {unknown}
 i - a scroll of fear {unknown}
 j - a scroll of enchant armour {unknown}
 m - a scroll of torment {unknown}
 n - a scroll of enchant weapon {unknown}
 o - 3 scrolls of brand weapon {unknown}
 p - a scroll of amnesia {unknown}
Potions
 b - a potion of magic
 d - 2 potions of haste {unknown}
 g - a potion of cancellation {unknown}
 k - a potion of mutation {unknown}
 q - a potion of lignification {unknown}
 s - a potion of brilliance {unknown}


   Skills:
 + Level 0.3 Fighting
 + Level 0.3 Short Blades
 + Level 2.0 Dodging
 + Level 2.4 Stealth
 + Level 2.7 Spellcasting
 + Level 4.5 Ice Magic


You had one spell level left.
You knew the following spells:

 Your Spells              Type           Power      Damage    Failure   Level
a - Freeze                Ice            100%       1d11      3%          1
b - Frozen Ramparts       Ice            50%        1d8       9%          3
c - Ozocubu's Armour      Ice            25%        N/A       9%          3

Your spell library contained the following spells:

 Spells                   Type           Power      Damage    Failure   Level
 Hailstorm                Conj/Ice       14%        3d5       58%         4


Dungeon Overview and Level Annotations

Branches:
Dungeon (4/15)
 Temple: D:4-7

Altars:

Annotations:
D:3 Robin


Innate Abilities, Weirdness & Mutations

You have a pair of small antennae on your head.
Your touch may inflict minor irresistible damage on your foes.


Message History

Press: ? - help, Shift-Dir - straight line, f - hobgoblin
Aim: a hobgoblin You feel a surge of power!
You freeze the hobgoblin!
You kill the hobgoblin!
The endoplasm quivers.
The wall freezes the goblin.
The wall freezes the hobgoblin.
You hit the goblin but do no damage.
You touch the goblin.
You kill the goblin!
The wall freezes Robin.
Robin barely misses you.
The wall freezes the hobgoblin.
You kill the hobgoblin!
The wall freezes the orc.
You hit the orc.
You kill the orc!
The wall freezes the hobgoblin.
The wall freezes Robin.
Robin roars a battlecry!
The hobgoblins go into a battle-frenzy!
You hit the hobgoblin.
You kill the hobgoblin!
The frozen ramparts melt away.
Robin hits you from afar with a +0 trident.
Casting: Freeze (safe; 3% risk of failure)
Confirm with . or Enter, or press ? or * to list all spells.
The spell is quite dangerous to miscast (9% risk of failure)!
Continue anyway?
Casting: Frozen Ramparts (quite dangerous; 9% risk of failure)
Press: ? - help, Dir - look around, f - activate You feel a surge of power!
The walls around you are covered in ice.
The wall freezes the adder but does no damage.
The wall freezes Robin!
Robin hits you from afar with a +0 trident.
The wall freezes the hobgoblin.
The hobgoblin hits you.
* * * LOW HITPOINT WARNING * * *
The wall freezes the adder.
The wall freezes the adder.
The adder seems to slow down.
The wall freezes the endoplasm.
You kill the endoplasm!
The wall freezes Robin but does no damage.
Robin hits you from afar with a +0 trident!
You die...

#.....†.......#
#.#...........#. .
#.#...........#. ..
#.#.....#....... ...
#.#.#####....##. ....
#.......'....##. .....
###.#...#....##.
.....)#####.#...#....##.
.....Sg@)...'...........
.....g#####.#...###+#...
.[... #.#...# #.#. ####
#.#...# ...#. #.#...#
#..##. #+#...# #.. #.
....# #.# #. .....# ..
.. .........# ##


You could see Robin, an adder (slow) and a hobgoblin (strong).

Vanquished Creatures
  4 adders
  A worm (D:3)
  2 orcs (D:3)
  3 ball pythons
  7 endoplasms
  3 giant cockroaches (D:2)
  10 goblins
  8 hobgoblins
  5 quokkas
  4 bats
  4 frilled lizards
  2 kobolds (D:1)
  3 rats
56 creatures vanquished.

Notes
Turn   | Place    | Note
-------+----------+-------------------------------------------
     0 | D:1      | Eitelfritz the Demonspawn Ice Elementalist began the quest
                  | for the Orb.
     0 | D:1      | Reached XP level 1. HP: 13/13 MP: 3/3
   408 | D:1      | Discovered your monstrous ancestry.
   408 | D:1      | Gained mutation: You have a pair of small antennae on your
                  | head. [demonic ancestry]
   408 | D:1      | Reached XP level 2. HP: 19/19 MP: 5/5
   654 | D:1      | Reached skill level 4 in Ice Magic
  1242 | D:2      | Found a faded altar of an unknown god.
  1259 | D:2      | Gained mutation: Your touch may inflict minor irresistible
                  | damage on your foes. [demonic ancestry]
  1259 | D:2      | Reached XP level 3. HP: 24/24 MP: 4/6
  1388 | D:2      | Learned a level 3 spell: Frozen Ramparts
  1842 | D:3      | Reached XP level 4. HP: 17/30 MP: 4/7
  1846 | D:3      | Learned a level 3 spell: Ozocubu's Armour
  2182 | D:3      | You fall into a shaft and drop 1 floor!
  2305 | D:3      | Noticed Robin
  2316 | D:3      | Slain by Robin

Illustrated notes

Levels and vault maps discovered:
D:1:      minmay_arrival_four_loops, layout_loops_ring
D:2:      layout_rooms, hellmonk_ecumenical_altar_leap_of_faith
D:3:      layout_basic, uniq_robin
D:4:      layout_basic, minmay_temple_entry_mist, ebering_ghost_disaster_area,
          hangedman_feature_mirror, uniq_grinder

Skill      XL: |  1  2 |
---------------+-------+-----
Dodging        | 2 |  2.0
Ice Magic      | 4 |  4.5
Stealth        | 2 |  2.4
Fighting       | |  0.3
Short Blades   | |  0.3
Spellcasting   | |  2.7

Action                   |  1- 3 |  4- 6 || total
-------------------------+-------+-------++-------
Melee: Short sword       |    11 |     4 ||    15
       Unarmed           |     1 |       ||     1
       Touch             |       |     1 ||     1
 Cast: Freeze            |    41 |    11 ||    52
       Frozen Ramparts   |       |     2 ||     2
 Stab: Sleeping          |     6 |     1 ||     7
Armor: Robe              |     3 |       ||     3
Dodge: Dodged            |    21 |     6 ||    27
